 Dungeon Crawl Stone Soup version 0.26-b1-52-g61e05abef2 (webtiles) character file.

Game seed: 18026007043715102250

357 H0rd4k the Magician (level 6, -2/32 HPs)
             Began as a Deep Elf Hedge Wizard on Jan 7, 2021.
             Killed by divine providence
             ... invoked by an orc priest
              (14 damage)
             ... on level 3 of the Dungeon.
             The game lasted 00:09:41 (5010 turns).

H0rd4k the Magician (Deep Elf Hedge Wizard)         Turns: 5010, Time: 00:09:42

Health: -2/32      AC:  3    Str:  7    XL:     6   Next: 36%
Magic:  16/18      EV: 13    Int: 27    God:
Gold:   72         SH:  0    Dex: 14    Spells: 10/19 levels left

rFire    + . .     SeeInvis .   a - +1 dagger
rCold    . . .     Faith    .   (no shield)
rNeg     . . .     Spirit   .   b - +0 robe
rPois    .         Reflect  .   c - +1 hat
rElec    .         Harm     .   (no cloak)
rCorr    .         Rampage  .   (no gloves)
Will     .....                  (no boots)
Stlth    ++........             (no amulet)
HPRegen  0.10/turn              o - +6 ring of intelligence
MPRegen  0.16/turn              h - ring of protection from fire

@: no status effects
A: no striking features
a: no special abilities


You were on level 3 of the Dungeon.
You visited 1 branch of the dungeon, and saw 3 of its levels.
You also visited: Sewer.

You collected 72 gold pieces.

Inventory:

Hand Weapons
 a - a +1 dagger (weapon)
Armour
 b - a +0 robe (worn)
 c - a +1 hat (worn)
Jewellery
 h - a ring of protection from fire (right hand)
 o - a +6 ring of intelligence (left hand)
Scrolls
 e - 4 scrolls of identify
 f - 2 scrolls of fear
 i - a scroll of fog
 k - 3 scrolls of enchant weapon
 l - a scroll of enchant armour
 n - 2 scrolls of amnesia
 t - a scroll of magic mapping {unknown}
Potions
 d - a potion of lignification
 g - a potion of degeneration
 m - 4 potions of curing {unknown}
 p - 2 potions of might {unknown}
 q - 6 potions of heal wounds {unknown}
 s - a potion of brilliance {unknown}


   Skills:
 + Level 3.2 Dodging
 + Level 3.1 Stealth
 + Level 7.2 Spellcasting
 + Level 3.7 Conjurations
 + Level 1.1 Summonings
 + Level 1.3 Translocations
 + Level 1.0 Fire Magic
 + Level 1.1 Air Magic
 + Level 1.0 Poison Magic


You had 10 spell levels left.
You knew the following spells:

 Your Spells              Type           Power        Failure   Level
a - Magic Dart            Conj           100%         1%          1
b - Blink                 Tloc           N/A          4%          2
c - Conjure Flame         Conj/Fire      22%          6%          3
d - Mephitic Cloud        Conj/Pois/Air  20%          8%          3

Your spell library contained the following spells:

 Spells                   Type           Power        Failure   Level
 Call Imp                 Summ           15%          5%          2
 Slow                     Hex            9%           9%          2


Dungeon Overview and Level Annotations

Branches:
Dungeon (3/15)              Sewer (visited)

Altars:
Yredelemnul


Message History

The orc priest shouts!
You hear a shout!
You see here a -4 ring of evasion.
Casting: Magic Dart (safe; 1% risk of failure)
Confirm with . or Enter, or press ? or * to list all spells.
Aiming: Magic Dart (safe; 1% risk of failure)
Press: ? - help, Shift-Dir - straight line, f - orc priest
Aim: an orc priest (0% to evade)
The magic dart hits the orc priest.
The orc priest is lightly wounded.
The orc priest calls down the wrath of Beogh upon you.
Beogh smites you!
The orc wizard shouts!
A goblin comes into view. It is wielding a +0 dagger.
The orc priest casts a cantrip, but nothing happens.
Things that are here:
a +0 flail; a +0 club; an orc skeleton
There is a stone staircase leading up here.
The orc priest invokes the aid of Beogh against you.
Beogh smites you!
You die...

#.# ...So ... ...oo
#.##.o:.. ..
...[..... )#
###.......o .#8#
.#≈≈..#@#.)..?#
##...
####≈≈..#)#o....#
≈≈≈≈≈≈ ≈≈≈≈≈≈..#g#o#
≈≈≈≈≈≈≈≈≈≈≈≈≈..#.#.#
...............#.#)#
.#.#.#.## #...#.#.#
#.#.#.#.# #....o#=#
.#.#.#.## #.....o.#
#.#.#.#.## #.......#


You could see an orc priest, an orc wizard and a goblin.

Vanquished Creatures
  A big kobold (Sewer)
  4 river rats (Sewer)
  13 adders
  2 oozes
  2 worms (D:2)
  3 leopard geckos (D:3)
  6 orcs (D:3)
  5 giant cockroaches
  3 goblins (D:1)
  10 hobgoblins
  4 jackals
  25 kobolds
  5 ball pythons
  8 bats
  5 frilled lizards
  24 rats
120 creatures vanquished.

Vanquished Creatures (others)
  6 plants (D:3)
6 creatures vanquished.

Grand Total: 126 creatures vanquished

Notes
Turn   | Place    | Note
-------+----------+-------------------------------------------
     0 | D:1      | H0rd4k the Deep Elf Hedge Wizard began the quest for the
                  | Orb.
     0 | D:1      | Reached XP level 1. HP: 10/10 MP: 7/7
   392 | D:1      | Reached XP level 2. HP: 15/15 MP: 7/9
   424 | D:1      | Reached skill level 5 in Spellcasting
  1089 | D:1      | Reached XP level 3. HP: 18/19 MP: 4/12
  1678 | D:2      | Learned a level 2 spell: Blink
  1682 | D:2      | Learned a level 3 spell: Conjure Flame
  1686 | D:2      | Learned a level 3 spell: Mephitic Cloud
  1928 | D:2      | Found a basalt altar of Yredelemnul.
  2354 | D:2      | Reached XP level 4. HP: 24/24 MP: 8/13
  2455 | D:2      | Reached skill level 6 in Spellcasting
  3300 | D:3      | Reached skill level 1 in Fire Magic
  3331 | D:3      | Reached XP level 5. HP: 8/28 MP: 1/15
  3361 | D:3      | Found a glowing drain.
  3365 | Sewer    | Entered a sewer
  3649 | Sewer    | Reached skill level 1 in Poison Magic
  4459 | Sewer    | Reached skill level 7 in Spellcasting
  4459 | Sewer    | Reached XP level 6. HP: 32/32 MP: 7/18
  4547 | Sewer    | Reached skill level 1 in Air Magic
  5010 | D:3      | Killed from afar by an orc priest

Illustrated notes

Levels and vault maps discovered:
D:1:      scummos_arrival_simple_fountains, layout_loops_cross,
          dk_noncrumbling_2, minmay_tetromino_t4
D:2:      layout_loops_ring, lemuel_doored_altar
D:3:      layout_basic, gammafunk_ghost_gnarly_gnolls, gup_sewer_entry_spiral

Skill      XL: |  1  2  3  4  5  6 |
---------------+-------------------+-----
Spellcasting   | 5 6 7 |  7.2
Dodging        | 3 |  3.2
Conjurations   | 2 3 |  3.7
Fire Magic     | 1 |  1.0
Poison Magic   | 1 |  1.0
Air Magic      | 1 |  1.1
Stealth        | 3 |  3.1
Summonings     | |  1.1
Translocations | |  1.3

Action                   |  1- 3 |  4- 6 || total
-------------------------+-------+-------++-------
Melee: Dagger            |       |     1 ||     1
 Cast: Magic Dart        |   136 |   204 ||   340
       Blink             |       |     2 ||     2
  Use: Scroll            |     4 |     5 ||     9
       Potion            |       |     1 ||     1
Armor: Robe              |     5 |     9 ||    14
Dodge: Dodged            |    30 |    33 ||    63
